 Dungeon Crawl Stone Soup version 0.15.2 (webtiles) character file.

72 Undertale92 the Insei (level 4, -1/35 HPs)
             Began as a Mummy Monk on Nov 6, 2015.
             Killed from afar by Sigmund (8 damage)
             ... with a magic dart
             ... on Level 2 of the Dungeon.
             The game lasted 00:01:28 (1541 turns).

Undertale92 the Insei (Mummy Monk)                  Turns: 1541, Time: 00:01:29

HP  -1/35        AC  3     Str 14      XL: 4   Next:  7%
MP   4/4         EV 13     Int  9      God:
Gold 129         SH  0     Dex 15      Spells:  0 memorised,  3 levels left

rFire  x . .     SeeInvis .       - Unarmed
rCold  + . .     Clarity  .     a - +0 robe
rNeg   + + +     rCorr    .     (no shield)
rPois  +         rRot     +     e - +0 helmet
rElec  .         Spirit   .     (no cloak)
SustAb .         Warding  .     (no gloves)
rMut   .         Stasis   .     (no boots)
Gourm  .                        (no amulet)
MR     .....                    (no ring)
                                (no ring)

@: not resistant to hostile enchantments, unstealthy
A: no food or potions, fire vulnerability, restore body, cold resistance 1,
negative energy resistance 3, poison resistance, torment resistance, unbreathing
a: no special abilities


You were on level 2 of the Dungeon.
You were not hungry.

You visited 1 branch of the dungeon, and saw 2 of its levels.

You collected 129 gold pieces.


Innate Abilities, Weirdness & Mutations

You do not eat or drink.
Your flesh is vulnerable to fire.
Your flesh is cold resistant.
You are immune to negative energy.
Your system is resistant to poisons.
You are immune to unholy pain and torment.
You can survive without breathing.


   Skills:
 - Level 3.0 Fighting
 - Level 2.4 Dodging
 - Level 1.5 Stealth
 + Level 4.6 Unarmed Combat


You had 3 spell levels left.
You didn't know any spells.

Inventory:

Missiles
 g - 8 poisoned needles
Armour
 a - a +0 robe (worn)
 e - a +0 helmet (worn)
Scrolls
 b - 2 scrolls of amnesia {unknown}
 c - a scroll of magic mapping {unknown}
 d - 2 scrolls of remove curse {unknown}
 f - a scroll of immolation {unknown}

Dungeon Overview and Level Annotations

Branches:
Dungeon (2/15)

Altars:
Dithmenos
The Shining One

Annotations:
D:2 Sigmund

...###.#..##.# ## #.........##.#
.#####.####.......#
..........#.......#
.#####.##......##.#
.##....(..#.#####.###
.##.##.##.#! #......#
.##..#.##.#.##.##S#..rS...#
.##.#..##.#....@M.#######.#######
###..####.####.#### #.......#
#...###.# #..# #######.#
#.......# #.# #..%.. #...#####
#.# #.##.# #...# #.# #.##.#
###...###### #.# #.##<#
...........####.# ####.. #.##.#
................###..[... #.##..


You could see Sigmund and an adder.


Message History

You hit Sigmund.
Sigmund is heavily wounded.
Sigmund casts a spell at you.
You are confused.
You are too confused!
You are too confused!
You swing at nothing.
The rat misses you. Sigmund hits you but does no damage.
You swing at nothing.
The rat bites you.
You swing at nothing.
The rat bites you but does no damage.
Sigmund screams, "Die, monster!"
Sigmund barely misses you.
You closely miss the rat. The rat bites you.
You swing at nothing.
Sigmund misses you. The rat misses you.
You hit Sigmund.
Sigmund is severely wounded.
The rat bites you. Sigmund hits you with a scythe!
* * * LOW HITPOINT WARNING * * *
You swing at nothing.
The rat misses you.
You swing at nothing.
Sigmund gestures at you while chanting. The magic dart hits you!
* * * LOW HITPOINT WARNING * * *
The rat twitches its whiskers.
The rat bites you but does no damage.
You punch the rat!
You kill the rat!
You feel less confused. Sigmund casts a spell at you. The magic dart hits you!
You die...

Action                   |  1- 3 |  4- 6 || total
-------------------------+-------+-------++-------
Melee: Unarmed           |   130 |    27 ||   157
 Stab: Sleeping          |     5 |     2 ||     7

Vault maps used:
D:1:      lightli_arrival_chessboard, minmay_distorted
D:2:      amethyst_overflow_temple_binary, uniq_sigmund

Notes
Turn   | Place    | Note
--------------------------------------------------------------
     0 | D:1      | Undertale92, the Mummy Monk, began the quest for the Orb.
     0 | D:1      | Reached XP level 1. HP: 18/18 MP: 1/1
    64 | D:1      | Reached XP level 2. HP: 18/24 MP: 2/2
   505 | D:1      | Reached skill level 4 in Unarmed Combat
   843 | D:2      | Reached XP level 3. HP: 29/29 MP: 3/3
  1064 | D:2      | Found a glowing golden altar of the Shining One.
  1064 | D:2      | Found a shadowy altar of Dithmenos.
  1409 | D:2      | Reached XP level 4. HP: 32/35 MP: 4/4
  1524 | D:2      | Noticed Sigmund
  1541 | D:2      | Killed from afar by Sigmund

Vanquished Creatures
  2 adders (D:2)
  A worm (D:2)
  A giant gecko (D:1)
  2 oozes (D:2)
  6 giant cockroaches
  3 goblins
  A hobgoblin (D:2)
  3 jackals (D:2)
  7 bats
  3 giant newts (D:1)
  11 kobolds
  3 quokkas (D:2)
  4 rats
47 creatures vanquished.
